 Dungeon Crawl Stone Soup version 0.28-a0-653-g7e9dba17c3 (webtiles) character file.

Game seed: 10935778458549124974

3 flotson the Sneak (level 1, 0/18 HPs)
             Began as a Demonspawn Delver on Oct 11, 2021.
             Slain by an orc (2 damage)
             ... on level 4 of the Dungeon.
             The game lasted 00:01:09 (239 turns).

flotson the Sneak (Demonspawn Delver)                Turns: 239, Time: 00:01:09

Health: 0/18       AC:  5    Str: 12    XL:     1   Next: 41%
Magic:  1/1        EV: 10    Int: 11    God:
Gold:   32         SH:  0    Dex: 14    Spells: 0/0 levels left

rFire   . . .      SeeInvis .   d - +2 spear (flame)
rCold   . . .      Faith    .   (no shield)
rNeg    . . .      Spirit   .   h - +0 ring mail
rPois   .          Reflect  .   (no helmet)
rElec   .          Harm     .   (no cloak)
rCorr   .          Rampage  .   (no gloves)
Will    .....                   (no boots)
Stlth   ++........              (no amulet)
HPRegen 0.06/turn               (no ring)
MPRegen 0.07/turn               (no ring)

@: no status effects
A: no striking features
a: no special abilities


You were on level 4 of the Dungeon.
You visited 1 branch of the dungeon, and saw 2 of its levels.

You collected 32 gold pieces.

Inventory:

Hand Weapons
 a - a +0 hand axe
 d - a +2 spear of flaming (weapon)
Armour
 h - a +0 ring mail (worn)
Wands
 g - a wand of digging (3)
Scrolls
 b - a scroll of identify {unknown}
 c - a scroll of fog
 e - a scroll of fear
 f - a scroll of enchant weapon {unknown}


   Skills:
 + Level 3.0 Fighting
 + Level 1.8 Axes
 + Level 0.2 Armour
 + Level 1.8 Dodging
 - Level 4.5 Stealth


You couldn't memorise any spells.
You didn't know any spells.
Your spell library contained the following spells:

 Spells                   Type           Power      Damage    Failure   Level
 Call Canine Familiar     Summ           0%         N/A       94%         3
 Dazzling Flash           Conj/Hex       0%         N/A       94%         3
 Portal Projectile        Hex/Tloc       0%         N/A       94%         3
 Leda's Liquefaction      Hex/Erth       0%         N/A       100%        4
 Agony                    Necr           0%         N/A       100%        5
 Silence                  Hex/Air        0%         N/A       100%        5


Dungeon Overview and Level Annotations

Branches:
Dungeon (5/15)             Temple (0/1) D:5

Altars:


Message History

No target in view!
No target in view!
No target in view!
No target in view!
No target in view!
Found a scroll labelled NIOSKE PIESM.
You see here a +2 spear of flaming.
Your +2 spear of flaming bursts into flame!
d - a +2 spear of flaming (weapon)
f - a scroll labelled NIOSKE PIESM You now have 32 gold pieces (gained 15).
You pick up a book of the Senses and begin reading...
You add the spells Dazzling Flash, Agony and Silence to your library. 2 orcs come into view.
The orc shouts! x2
An orc comes into view. It is wielding a +0 club.
You hear a shout! 2 orcs come into view.
Found an opal ring.
Found a stone staircase leading up.
A hobgoblin comes into view.
A quokka comes into view.
The quokka moves out of view.
You barely miss the orc. The orc hits you with a +0 club.
A black bear comes into view.
The orc shouts! x3; The black bear growls angrily.
You hit the orc but do no damage. The orc barely misses you.
You barely miss the orc. The orc hits you with a +0 club.
The orc hits you but does no damage.
You closely miss the orc. The orc hits you with a +0 dagger.
You hit the orc. You burn the orc.
The orc is heavily wounded.
The hobgoblin hits you. The orc hits you but does no damage.
The orc throws a boomerang.
The boomerang hits you.
* * * LOW HITPOINT WARNING * * *
The hobgoblin hits you.
* * * LOW HITPOINT WARNING * * *
The orc hits you with a +0 dagger.
* * * LOW HITPOINT WARNING * * *
The orc hits you with a +0 club.
You die...

......#########.........#
#^. ..#.......#.# .
#.#####.....♣.♣#♣.♣ ..
#.#................ ...##
#.##........♣......
...h..#.###.......#......
......#.##.......#♣......
.#.....o###.....###......
....o.oo@.#......#♣......
.<.###go.................
#............#♣#♣#♣#♣
#....#..###.## #....#..#
### #.......# ###.$##..
##.....# ###


You could see a black bear, 5 orcs and a hobgoblin.

Vanquished Creatures
  An adder skeleton (D:4)
1 creature vanquished.

Notes
Turn   | Place    | Note
-------+----------+-------------------------------------------
     0 | D:5      | flotson the Demonspawn Delver began the quest for the Orb.
     0 | D:5      | Reached XP level 1. HP: 18/18 MP: 1/1
   120 | D:5      | Noticed an ice beast
   234 | D:4      | Noticed a black bear
   239 | D:4      | Slain by an orc

Illustrated notes

Levels and vault maps discovered:
D:4:      layout_cave_pools, serial_forest, infiniplex_forest_lined_room_3,
          infiniplex_forest_clump_long, infiniplex_forest_lined_room_3,
          infiniplex_forest_clump_C, infiniplex_forest_lined_room_3,
          corner_web_ring
D:5:      layout_gridville, minmay_temple_entry_overgrown, chequers_jeans,
          minmay_strange_pillars

Action                   || total
-------------------------++-------
Melee: Hand axe          ||     5
       Spear             ||     5
  Use: Scroll            ||     1
       Potion            ||     1
Armor: Ring mail         ||     4
Dodge: Dodged            ||     3

Table legend: (Time is in decaauts)
 A = Elapsed time spent in this place.
 B = Non-inter-level travel time spent in this place.
 C = Inter-level travel time spent in this place.
 D = Time resting spent in this place.
 E = Time spent auto-exploring this place.
 F = Levels seen in this place.
 G = Mean time per level.
                   A        B        C        D        E       F      G
               +--------+--------+--------+--------+--------+-----+--------+
         Total |    227 |    227 |      0 |      0 |    154 |   2 |  113.5 |
       Dungeon |    227 |    227 |      0 |      0 |    154 |   2 |  113.5 |
               +--------+--------+--------+--------+--------+-----+--------+

Top non-repeatable levels by time:
     D:5: 145 daAuts
     D:4: 82 daAuts
